 Dungeon Crawl Stone Soup version 0.29-a0-925-g0a7a3d12f8 (webtiles) character file.

Game seed: 2425554429103651121

858 IdlyInterested the Cudgeller (level 7, 0/53 HPs)
             Began as a Demonspawn Gladiator on July 28, 2022.
             Slain by a two-headed ogre
             ... wielding a +0 giant club
              (26 damage)
             ... on level 4 of the Dungeon.
             The game lasted 00:09:53 (3447 turns).

IdlyInterested the Cudgeller (Demonspawn Gladiator) Turns: 3447, Time: 00:09:54

Health: 0/53       AC:  8    Str: 17    XL:     7   Next: 71%
Magic:  6/6        EV: 10    Int:  9    God:
Gold:   199        SH:  0    Dex: 14    Spells: 6/6 levels left

rFire   + . .      SeeInvis +   h - +4 mace "Leps" {vamp, rPois rF+}
rCold   . . .      Faith    .   (no shield)
rNeg    . . .      Spirit   .   i - +0 scale mail
rPois   +          Reflect  .   (no helmet)
rElec   .          Harm     .   (no cloak)
rCorr   .          Rampage  .   (no gloves)
Will    .....      Rage     3%  (no boots)
Stlth   ..........              s - amulet of regeneration
HPRegen 0.97/turn               l - ring of see invisible
MPRegen 0.10/turn               (no ring)

@: no status effects
A: molten scales 1, powered by death 3, berserk 1, low MP 1, wild magic 1,
MP-powered wands
a: no special abilities


You were on level 4 of the Dungeon.
You visited 1 branch of the dungeon, and saw 7 of its levels.

You collected 199 gold pieces.

Inventory:

Hand Weapons
 a - a +0 flail
 h - the +4 mace "Leps" (weapon) {vamp, rPois rF+}
   (You found it on level 2 of the Dungeon)

   It occasionally heals its wielder for a portion of the damage dealt when it
   wounds a living foe.
   rF:        It protects you from fire.
   rPois:     It protects you from poison.
 q - a +4 mace of protection
Missiles
 d - 3 throwing nets (quivered)
 e - 6 javelins
 m - 6 boomerangs
Armour
 c - a +0 helmet
 i - a +0 scale mail (worn)
Jewellery
 l - a ring of see invisible (left hand)
 s - an amulet of regeneration (around neck)
Scrolls
 j - a scroll of blinking
 p - a scroll of fear
 r - a scroll of vulnerability {unknown}
 t - a scroll of immolation {unknown}
 u - a scroll of identify {unknown}
Potions
 f - 2 potions of invisibility {unknown}
 g - 2 potions of curing {unknown}
 k - a potion of heal wounds
 n - a potion of might {unknown}
 o - 2 potions of brilliance {unknown}
 v - a potion of magic {unknown}


   Skills:
 * Level 3.7 Fighting
 + Level 7.4 Maces & Flails
 - Level 2.0 Throwing
 - Level 1.0 Armour
 - Level 3.0 Dodging
 - Level 1.0 Stealth
 - Level 1.0 Evocations


You had 6 spell levels left.
You didn't know any spells.
Your spell library contained the following spells:

 Spells                   Type           Power      Damage    Failure   Level
 Scorch                   Fire           0%         2d5       95%         2
 Flame Wave               Conj/Fire      0%         2d4       100%        4
 Summon Cactus Giant      Summ           0%         N/A       100%        6


Dungeon Overview and Level Annotations

Branches:
Dungeon (7/15)
 Temple: D:4-7

Altars:
Ashenzari
Gozag
Hepliaklqana

Shops:
D:4 (


Innate Abilities, Weirdness & Mutations

You are partially covered in molten scales. (AC +2)
You regenerate a lot of health from kills.
You sometimes lose your temper in combat.
Your magical capacity is low. (-10% MP)
Your spells are a little harder to cast, but a little more powerful.
You expend magic power (3 MP) to strengthen your wands.


Message History

Aim: a two-headed ogre, wielding two +0 giant clubs (lightly wounded, poisoned, 75% to hit)
You throw a poisoned dart.
The poisoned dart hits the two-headed ogre.
The two-headed ogre looks even sicker.
The two-headed ogre is lightly wounded.
Throw: 2 darts (poison)
Press: ? - help, Q - select action, (/) - cycle Shift-Dir - straight line, f/p - two-headed ogre
Aim: a two-headed ogre, wielding two +0 giant clubs (lightly wounded, very poisoned, 75% to hit)
You throw a poisoned dart.
The poisoned dart hits the two-headed ogre.
The two-headed ogre looks even sicker.
The two-headed ogre is lightly wounded.
Throw: dart (poison)
Press: ? - help, Q - select action, (/) - cycle Shift-Dir - straight line, f/p - two-headed ogre
Aim: a two-headed ogre, wielding two +0 giant clubs (very poisoned, 75% to hit)
You throw a poisoned dart.
The poisoned dart hits the two-headed ogre.
The two-headed ogre looks as sick as possible!
Throw: 6 boomerangs
Press: ? - help, Shift-Dir - straight line, f/p - two-headed ogre
Aim: a two-headed ogre, wielding two +0 giant clubs (extremely poisoned, 75% to hit)
You throw a boomerang. The boomerang hits the two-headed ogre!
The two-headed ogre is lightly wounded.
A goblin comes into view. It is wielding a +0 dagger.
The goblin shouts!
You thump the two-headed ogre!
The two-headed ogre is moderately wounded.
The two-headed ogre hits you with a +0 giant club!
The two-headed ogre barely misses you.
You hit the two-headed ogre.
You punch the two-headed ogre, but do no damage.
The two-headed ogre is moderately wounded.
You closely miss the two-headed ogre.
The two-headed ogre is heavily wounded.
The two-headed ogre misses you.
The two-headed ogre hits you with a +0 giant club!
You hit the two-headed ogre.
You feel better.
The two-headed ogre is heavily wounded.
The two-headed ogre hits you with a +0 giant club!!
You die...

...# ###.#
#... ..#.#
#..# #.#.####.
#..# #....(((
#..# #g..(.#
#..# #.....#
#..#####.O...#
#.......@....#
#..#########.#
#..# #..# #..#
#..## #...#
##..#
#####..######


You could see a two-headed ogre (very poisoned) and a goblin.

Vanquished Creatures
  A water moccasin (D:7)
  A black bear (D:7)
  An ice beast (D:7)
  An ogre (D:5)
  A bullfrog (D:7)
  A necrophage (D:6)
  2 orc priests
  A hound (D:7)
  An iguana (D:4)
  An orc wizard (D:5)
  10 gnolls
  5 adders
  2 worms
  2 dart slugs (D:1)
  10 orcs
  A bat (D:1)
  7 endoplasms
  A giant cockroach (D:1)
  7 goblins
  5 hobgoblins
  4 quokkas
  4 frilled lizards (D:1)
  3 kobolds
  6 rats
78 creatures vanquished.

Notes
Turn   | Place    | Note
-------+----------+-------------------------------------------
     0 | D:1      | IdlyInterested the Demonspawn Gladiator began the quest for
                  | the Orb.
     0 | D:1      | Reached XP level 1. HP: 16/16 MP: 1/1
    60 | D:1      | Reached skill level 1 in Armour
    74 | D:1      | Gained mutation: You are partially covered in molten
                  | scales. (AC +2) [demonic ancestry]
    74 | D:1      | Reached XP level 2. HP: 9/22 MP: 2/2
   450 | D:1      | Reached skill level 3 in Maces & Flails
   450 | D:1      | Reached skill level 1 in Evocations
   821 | D:1      | Reached skill level 1 in Stealth
   969 | D:1      | Gained mutation: You regenerate a little health from kills.
                  | [demonic ancestry]
   969 | D:1      | Reached XP level 3. HP: 27/27 MP: 3/3
  1352 | D:2      | Identified the +4 mace "Leps" {vamp, rPois rF+}
  1548 | D:2      | Found an opulent altar of Gozag.
  1683 | D:2      | Found a faded altar of an unknown god.
  1921 | D:3      | Gained mutation: You regenerate health from kills. [demonic
                  | ancestry]
  1921 | D:3      | Reached XP level 4. HP: 33/33 MP: 4/4
  2068 | D:3      | Gained mutation: Your body sometimes deteriorates upon
                  | taking damage. [potion of mutation]
  2068 | D:3      | Gained mutation: You do not regenerate when monsters are
                  | visible. [potion of mutation]
  2068 | D:3      | Gained mutation: You have a pair of small antennae on your
                  | head. [potion of mutation]
  2069 | D:3      | Lost mutation: Your body sometimes deteriorates upon taking
                  | damage. [potion of mutation]
  2069 | D:3      | Lost mutation: You have a pair of small antennae on your
                  | head. [potion of mutation]
  2069 | D:3      | Gained mutation: Your magical capacity is low. (-10% MP)
                  | [potion of mutation]
  2069 | D:3      | Gained mutation: Your magical capacity is very low. (-20%
                  | MP) [potion of mutation]
  2069 | D:3      | Gained mutation: Your spells are a little harder to cast,
                  | but a little more powerful. [potion of mutation]
  2070 | D:3      | Lost mutation: You do not regenerate when monsters are
                  | visible. [potion of mutation]
  2070 | D:3      | Lost mutation: Your magical capacity is very low. (-20% MP)
                  | [potion of mutation]
  2070 | D:3      | Gained mutation: You sometimes lose your temper in combat.
                  | [potion of mutation]
  2070 | D:3      | Gained mutation: You expend magic power (3 MP) to
                  | strengthen your wands. [potion of mutation]
  2338 | D:3      | Found a broken altar of Ashenzari.
  2556 | D:3      | Reached skill level 4 in Maces & Flails
  2645 | D:3      | Reached XP level 5. HP: 38/38 MP: 4/4
  2762 | D:3      | Reached skill level 5 in Maces & Flails
  3086 | D:4      | Found Ehuri's Antique Weapon Shop.
  3113 | D:4      | You fall into a shaft and drop 3 floors!
  3136 | D:7      | Noticed a black bear
  3138 | D:7      | Noticed a water moccasin
  3155 | D:7      | Killed a black bear
  3156 | D:7      | Gained mutation: You regenerate a lot of health from kills.
                  | [demonic ancestry]
  3156 | D:7      | Reached XP level 6. HP: 44/44 MP: 5/5
  3161 | D:7      | Killed a water moccasin
  3162 | D:7      | Reached skill level 6 in Maces & Flails
  3163 | D:7      | Found a hazy altar of Hepliaklqana.
  3216 | D:7      | Noticed an ice beast
  3224 | D:7      | Killed an ice beast
  3225 | D:7      | Reached XP level 7. HP: 50/50 MP: 6/6
  3276 | D:7      | Reached skill level 7 in Maces & Flails
  3314 | D:5      | Entered Level 5 of the Dungeon
  3438 | D:4      | Noticed a two-headed ogre
  3447 | D:4      | Slain by a two-headed ogre

Illustrated notes

Levels and vault maps discovered:
D:1:      lemuel_arrival_hallway, layout_basic
D:2:      layout_loops_cross, hellmonk_ecumenical_altar_heavens_door,
          basic_altar, grunt_ministairs_14
D:3:      layout_basic, ashenzari_altar_1, hangedman_decor_growths
D:4:      layout_loops_ring, minmay_temple_entry_waves, serial_shops,
          nicolae_shop_stone
D:5:      layout_rooms
D:6:      layout_loops_ring, serial_shops, shop, kennysheep_generic_room_8,
          uniq_blork_the_orc
D:7:      layout_loops_corners, nicolae_tso_swordbearing_angel,
          nicolae_hepliaklqana_hazy_memory, roderic_batcave

Skill      XL: |  1  2  3  4  5  6  7 |
---------------+----------------------+-----
Armour         | 1 |  1.0
Maces & Flails | 3 4 5 6 7 |  7.4
Evocations     | 1 |  1.0
Stealth        | 1 |  1.0
Throwing       | 2 |  2.0
Dodging        | 3 |  3.0
Fighting       | 3 |  3.7

Action                   |  1- 3 |  4- 6 |  7- 9 || total
-------------------------+-------+-------+-------++-------
Melee: Flail             |    99 |       |       ||    99
       Punch             |     1 |     2 |     1 ||     4
       Mace              |    23 |   125 |    64 ||   212
Throw: Dart              |       |       |     4 ||     4
       Boomerang         |       |       |     1 ||     1
  Use: Scroll            |     3 |     1 |       ||     4
       Potion            |     1 |     3 |       ||     4
Armor: Ring mail         |    18 |       |       ||    18
       Scale mail        |    50 |    53 |    27 ||   130
Dodge: Dodged            |    70 |    75 |    39 ||   184

Table legend: (Time is in decaauts)
 A = Elapsed time spent in this place.
 B = Non-inter-level travel time spent in this place.
 C = Inter-level travel time spent in this place.
 D = Time resting spent in this place.
 E = Time spent auto-exploring this place.
 F = Levels seen in this place.
 G = Mean time per level.
                   A        B        C        D        E       F      G
               +--------+--------+--------+--------+--------+-----+--------+
         Total |   3510 |   3267 |    243 |    449 |   2029 |   7 |  501.4 |
       Dungeon |   3510 |   3267 |    243 |    449 |   2029 |   7 |  501.4 |
               +--------+--------+--------+--------+--------+-----+--------+

Top non-repeatable levels by time:
     D:1: 1332 daAuts
     D:3: 1049 daAuts
     D:2: 753 daAuts
     D:7: 175 daAuts
     D:5: 101 daAuts
     D:4: 62 daAuts
     D:6: 36 daAuts
